 Dungeon Crawl Stone Soup version 0.24-a0-779-g36f0aeb (webtiles) character file.

Game seed: 227419708148724172, levelgen mode: deterministic

131 2tousent the Shield-Bearer (level 5, -3/41 HPs)
             Began as a Formicid Fighter on Oct 7, 2019.
             Was an Initiate of Okawaru.
             Slain by a white imp (5 damage)
             ... summoned by Natasha
             ... on level 3 of the Dungeon.
             The game lasted 00:07:25 (2131 turns).

2tousent the Shield-Bearer (Formicid Fighter)       Turns: 2131, Time: 00:07:26

Health: -3/41      AC:  8    Str: 20    XL:     5   Next: 37%
Magic:  6/6        EV:  7    Int:  8    God:    Okawaru [......]
Gold:   94         SH:  9    Dex: 11    Spells: 4/4 levels left

rFire    . . .     SeeInvis +   a - +0 rapier
rCold    . . .     Gourm    .   c - +0 shield
rNeg     + . .     Faith    .   b - +0 scale mail
rPois    .         Spirit   .   (helmet unavailable)
rElec    .         Reflect  .   r - +0 cloak
rCorr    .         Harm     .   (no gloves)
MR       .....                  (no boots)
Stlth    +.........             (no amulet)
HPRegen  0.13/turn              m - ring of positive energy
MPRegen  0.10/turn              (no ring)

@: no status effects
A: permanent stasis, dig shafts and tunnels, four strong arms, antennae 3
a: Dig, Shaft Self, Renounce Religion


You were on level 3 of the Dungeon.
You worshipped Okawaru.
Okawaru was noncommittal.
You were not hungry.

You visited 1 branch of the dungeon, and saw 3 of its levels.

You collected 94 gold pieces.

Inventory:

Hand Weapons
 a - a +0 rapier (weapon)
Armour
 b - a +0 scale mail (worn)
 c - a +0 shield (worn)
 r - a +0 cloak (worn)
Jewellery
 m - a ring of positive energy (left hand)
Scrolls
 g - 2 scrolls of fear
 k - a scroll of amnesia
Potions
 d - a potion of might
 h - 2 potions of heal wounds
 i - 2 potions of mutation
 j - 2 potions of degeneration
 p - a potion of curing
Comestibles
 f - 2 rations


   Skills:
 - Level 3.2 Fighting
 * Level 3.5 Short Blades
 - Level 3.2 Armour
 * Level 3.4 Stealth
 - Level 3.6 Shields
 * Level 2.6 Invocations


You had 4 spell levels left.
You didn't know any spells.
Your spell library was empty.

Dungeon Overview and Level Annotations

Branches:
Dungeon (3/15)

Altars:
Okawaru

Annotations:
D:3 Natasha


Innate Abilities, Weirdness & Mutations

You cannot be hasted, slowed, berserked, paralysed or teleported.
You can dig through walls and to a lower floor.
Your four strong arms can wield two-handed weapons with a shield.
You have a pair of large antennae on your head. (SInv)


Message History

Unknown command.
The white imp gestures at you. The puff of frost hits you.
Natasha wildly gestures.
You feel disoriented.
There is a stone staircase leading up here.
You closely miss the white imp.
The white imp hits you but does no damage.
Your shield prevents you from hitting the white imp.
The white imp gestures at you. The puff of frost hits you.
The white imp gestures at you. The puff of frost hits you!
* * * LOW HITPOINT WARNING * * *
Your shield and scale mail prevent you from hitting the white imp.
Natasha mumbles some strange words.
The white imp hits you.
* * * LOW HITPOINT WARNING * * *
The white imp freezes you.
You die...

#... #..#
# #..###
#.####....
.....5...
.......g#
#gh# ##5#
#@# #.#
#.# #.#
... #.#
#.# #.#


You could see Natasha, a white imp, a shadow imp and 2 hobgoblins.

Vanquished Creatures
  Terence (D:2)
  5 adders (D:2)
  A worm (D:2)
  A dart slug (D:1)
  A leopard gecko (D:2)
  4 bats
  A giant cockroach (D:2)
  7 goblins
  11 hobgoblins
  10 jackals
  3 quokkas (D:2)
  3 kobolds
  2 rats
50 creatures vanquished.

Notes
Turn   | Place    | Note
-------+----------+-------------------------------------------
     0 | D:1      | 2tousent the Formicid Fighter began the quest for the Orb.
     0 | D:1      | Reached XP level 1. HP: 18/18 MP: 1/1
    26 | D:1      | Reached skill level 1 in Stealth
    77 | D:1      | Reached XP level 2. HP: 11/24 MP: 2/2
   256 | D:1      | Found an iron altar of Okawaru.
   301 | D:1      | Became a worshipper of Warmaster Okawaru
   512 | D:1      | Reached XP level 3. HP: 29/29 MP: 3/3
   953 | D:1      | Reached skill level 1 in Invocations
  1169 | D:2      | Reached XP level 4. HP: 15/35 MP: 5/5
  1692 | D:2      | Noticed Terence
  1715 | D:2      | Killed Terence
  1715 | D:2      | Reached XP level 5. HP: 33/41 MP: 6/6
  2116 | D:3      | Noticed Natasha
  2131 | D:3      | HP: 2/41 [white imp[Natasha] (1)]
  2131 | D:3      | Slain by a white imp

Levels and vault maps discovered:
D:1:      evilmike_arrival_crescent, layout_basic, glass_columns_a,
          okawaru_ov_weapons_minmay
D:2:      layout_basic, patterned_corridor, uniq_terence
D:3:      layout_loops_ring, nicolae_overflow_crystal_walls, first_ration,
          led_sif_book, uniq_natasha, uniq_ijyb

Skill      XL: |  1  2  3  4 |
---------------+-------------+-----
Stealth        | 1 2 3 |  3.4
Invocations    | 1 2 |  2.6
Short Blades   | 3 |  3.5
Fighting       | |  3.2
Armour         | |  3.2
Shields        | |  3.6

Action                   |  1- 3 |  4- 6 || total
-------------------------+-------+-------++-------
Melee: Rapier            |   120 |   112 ||   232
  Use: Scroll            |       |    10 ||    10
  Eat: Chunk             |     1 |     3 ||     4
Armor: Scale mail        |    46 |    38 ||    84
Dodge: Dodged            |    23 |    28 ||    51
Block: Shield            |    59 |    62 ||   121

Table legend:
 A = Non-vault XP
 B = Vault XP
 C = Vault XP percentage of total XP
 D = Non-vault monster count
 E = Vault monster count
 F = Vault count percentage of total count
                 A         B        C        D         E       F
            +---------+---------+-------+---------+---------+-------
      Total |     152 |      36 |  19.1 |      49 |       1 |   2.0
            +---------+---------+-------+---------+---------+-------
        D:1 |      43 |       0 |   0.0 |      23 |       0 |   0.0
        D:2 |     109 |      36 |  24.8 |      26 |       1 |   3.7
            +---------+---------+-------+---------+---------+-------
